 Dungeon Crawl Stone Soup version 0.20-a0-303-g575bbf7 (webtiles) character file.

900952 Havercy the Phalangite (level 27, -3/175 HPs)
             Began as a Demonspawn Gladiator on Dec 16, 2016.
             Was a High Priest of Makhleb.
             Killed from afar by a Tzitzimitl (7 damage)
             ... with a bolt of cold
             ... on level 13 of a ziggurat.
             The game lasted 03:37:51 (77849 turns).

Havercy the Phalangite (Demonspawn Gladiator)      Turns: 77849, Time: 03:37:52

Health: -3/175     AC: 27    Str: 27    XL:     27
Magic:  0/41       EV: 22    Int: 15    God:    Makhleb [*****.]
Gold:   8533       SH: 20    Dex: 27    Spells: 2/54 levels left

rFire  + + .     SeeInvis .     M - +9 demon trident (freeze)
rCold  + + +     Gourm    .     c - +10 scale mail of Eloh {MR- Regen+ Str+4 Dex+6}
rNeg   + + +     Faith    .     k - +2 shield of Resistance {rF+ rC+ MR+}
rPois  +         Spirit   +     F - +2 hat of the Bear Spirit {Spirit, +Rage rN+ MR++}
rElec  +         Reflect  .     J - +2 cloak {rPois}
rCorr  +         Harm     .     L - +0 pair of gloves of Kudi Hud {rCorr}
MR     +++++                    (boots unavailable)
Stlth  ++........               S - amulet "Orao" {rN++ MR+ Regen+}
                                Y - ring of Zyhuin {Ice *Drain rPois MP+9 Str+6}
                                V - ring of protection from fire

@: agile, resistant, grasped by roots, very slightly contaminated, studying 2
skills, repel missiles, very slow
A: talons 3, rugged brown scales 3, blurry vision 3, deformed body, demonic
guardian 3, deterioration 2, frail 3, low mp 2, negative energy resistance 1,
powered by death 3, screaming 3, slow regeneration 2, 50% torment resistance,
weak 2, black mark, MP-powered wands
}: 6/15 runes: barnacled, slimy, silver, golden, bone, gossamer
a: Minor Destruction, Lesser Servant of Makhleb, Major Destruction, Greater
Servant of Makhleb, Renounce Religion, Evoke Berserk Rage


You were on level 13 of a ziggurat.
You worshipped Makhleb.
Makhleb was extremely pleased with you.
You were full.

You visited 15 branches of the dungeon, and saw 66 of its levels.
You visited 1 ziggurat, and saw 13 of its levels.
You also visited: Labyrinth, Trove, Sewer, Ice Cave and Wizlab.

You collected 11462 gold pieces.
You spent 2929 gold pieces at shops.

Inventory:

Hand Weapons
 l - the +8 frozen axe "Frostbite" {freezing cloud, *Noise +Fly rC+}
   (You found it on level 8 of a ziggurat)

   It has been specially enchanted to freeze those struck by it, causing extra
   injury to most foes and up to half again as much damage against particularly
   susceptible opponents.
   It can also slow down cold-blooded creatures.
   It protects you from cold.
   It lets you fly.
   It may make noises in combat.
 p - a +7 demon trident of flaming
 x - the +4 dagger "Morg" {pain, MR+ Int+5}
   (You found it on level 6 of a ziggurat)

   In the hands of one skilled in necromantic magic, it inflicts extra damage on
   living creatures.
   It affects your intelligence (+5).
   It affects your resistance to hostile enchantments.
 M - a +9 demon trident of freezing (weapon)
Armour
 c - the +10 scale mail of Eloh (worn) {MR- Regen+ Str+4 Dex+6}
   (You found it on level 3 of the Elven Halls)

   It affects your strength (+4).
   It affects your dexterity (+6).
   It affects your resistance to hostile enchantments.
   It increases your rate of regeneration.
 k - the +2 shield of Resistance (worn) {rF+ rC+ MR+}
   (You found it on level 12 of the Dungeon)

   It protects you from fire.
   It protects you from cold.
   It affects your resistance to hostile enchantments.
 F - the +2 hat of the Bear Spirit (worn) {Spirit, +Rage rN+ MR++}
   (You bought it in a shop on level 2 of the Orcish Mines)

   It protects you from negative energy.
   It affects your resistance to hostile enchantments.
   It lets you go berserk.
 G - the +1 faerie dragon scales {MR- rCorr Dex+9 Slay+5}
   (You found it on level 5 of the Depths)

   It affects your dexterity (+9).
   It affects your accuracy and damage with ranged weapons and melee attacks
   (+5).
   It affects your resistance to hostile enchantments.
   It protects you from acid and corrosion.
 J - a +2 cloak of poison resistance (worn)
 L - the +0 pair of gloves of Kudi Hud (worn) {rCorr}
   (You found it on level 5 of the Vaults)

   It protects you from acid and corrosion.
 T - the +8 orange crystal plate armour {Archmagi, Int+3 Clar}
   (You found it on level 5 of the Pits of Slime)

   It affects your intelligence (+3).
   It protects you against confusion.
Magical Staves
 y - an uncursed staff of conjuration
Jewellery
 R - the ring of the Mage {Wiz MR++ Int+3}
   (You found it on level 5 of a ziggurat)

   [ring of wizardry]

   It improves your spell success rate.
   It affects your intelligence (+3).
   It affects your resistance to hostile enchantments.
 S - the amulet "Orao" (around neck) {rN++ MR+ Regen+}
   (You found it on level 3 of the Elven Halls)

   [amulet of regeneration]

   It greatly protects you from negative energy.
   It affects your resistance to hostile enchantments.
   It increases your rate of regeneration.
 V - a ring of protection from fire (left hand)
 X - the ring "Lanoapre" {rElec rPois rN+ MR+}
   (You found it in a treasure trove)

   [ring of protection from magic]

   It insulates you from electricity.
   It protects you from poison.
   It protects you from negative energy.
   It affects your resistance to hostile enchantments.
 Y - the ring of Zyhuin (right hand) {Ice *Drain rPois MP+9 Str+6}
   (You found it on level 7 of a ziggurat)

   [ring of ice]

   It enhances your ice magic.
   It affects your strength (+6).
   It makes you vulnerable to fire.
   It protects you from cold.
   It protects you from poison.
   It affects your magic capacity (+9).
   It causes draining when unequipped.
Wands
 h - a wand of disintegration (13/24)
 r - a wand of acid (5/15)
 H - a wand of teleportation (4/9)
Scrolls
 d - 12 scrolls of identify
 e - 8 scrolls of magic mapping
 g - 22 scrolls of remove curse
 i - 7 scrolls of enchant armour
 j - 12 scrolls of teleportation
 m - 12 scrolls of recharging
 q - 6 scrolls of immolation
 t - 2 scrolls of vulnerability
 u - 6 scrolls of fear
 w - 14 scrolls of amnesia
 I - 4 scrolls of blinking
 K - a scroll of silence
 N - 6 scrolls of fog
Potions
 a - 5 potions of brilliance
 n - 6 potions of magic
 z - 5 potions of flight
 B - 12 potions of curing
 D - a potion of heal wounds
 Q - 2 potions of cure mutation
 W - 5 potions of cancellation
Books
 v - a manual of Evocations
 P - a manual of Shields
Miscellaneous
 C - a lamp of fire (inert)
 O - a disc of storms
Comestibles
 f - 19 bread rations
 o - 35 fruits
 A - 15 royal jellies


   Skills:
 - Level 21.1 Fighting
 - Level 26.9 Polearms
 - Level 2.0 Throwing
 - Level 15.3 Armour
 - Level 16.7 Dodging
 - Level 19.8 Shields
 + Level 14.0 Spellcasting
 - Level 14.6 Charms
 * Level 17.0 Necromancy
 * Level 14.3 Transmutations
 - Level 18.8 Invocations
 - Level 0.2 Evocations


You had 2 spell levels left.
You knew the following spells:

 Your Spells              Type           Power        Failure   Level  Hunger
a - Repel Missiles        Chrm/Air       ####..       1%          2    None
b - Necromutation         Tmut/Necr      ######....   95%         8    #######
c - Controlled Blink      Tloc           N/A          100%        8    #######
d - Tornado               Air            ##........   100%        9    #######
e - Deflect Missiles      Chrm/Air       ####......   87%         6    ######.
f - Song of Slaying       Chrm           ######..     1%          2    None
g - Shatter               Erth           ##........   100%        9    #######
h - Discord               Hex            ##........   100%        8    #######


Dungeon Overview and Level Annotations

Branches:
Dungeon (15/15)            Temple (1/1) D:7            Lair (6/6) D:11
 Shoals (4/4) Lair:2       Spider (4/4) Lair:3        Slime (5/5) Lair:5
    Orc (2/2) D:9             Elf (3/3) Orc:2        Vaults (5/5) D:14
  Crypt (3/3) Vaults:3       Tomb (3/3) Crypt:3      Depths (5/5) D:15
   Hell (1/1)                 Dis (0/7) Hell            Geh (0/7) Hell
    Coc (0/7) Hell            Tar (7/7) Hell            Zot (2/5) Depths:5

Altars:
Ashenzari
Cheibriados
Dithmenos
Elyvilon
Fedhas
Gozag
Hepliaklqana
Kikubaaqudgha
Makhleb
Nemelex Xobeh
Okawaru
Qazlal
Ru
Sif Muna
Trog
Uskayaw
Vehumet
Xom
Yredelemnul
Zin
The Shining One
Beogh
Jiyva

Shops:
D:8 [   D:12 *   D:13 }([}   D:15 ![[   Orc:2 (*[(   Shoals:4 [   Vaults:2 *
Vaults:3 [:%

Portals:
Hell: Depths:1 Depths:2 Depths:3 Depths:4 Depths:5
Abyss: Depths:4
Pandemonium: Depths:1 Depths:3 Depths:5

Annotations:
D:10 exclusion: door
D:11 1 exclusion
D:12 1 runed door
Tar:2 exclusion: profane servitor


Innate Abilities, Weirdness & Mutations

You have claws for feet.
You are completely covered in rugged brown scales. (AC +3, +7% HP)
A powerful demonic guardian rushes to your aid.
You resist negative energy. (rN+)
You regenerate a lot of health from kills.
You are somewhat able to resist unholy torments (1 in 2 success).
Your melee attacks may debilitate your foes.
[Scrolls take you much longer to read.]
[Armour fits poorly on your strangely shaped body.]
[Your body often deteriorates upon taking damage.]
[You are extremely frail. (-30% HP)]
[Your magical capacity is very low. (-20% MP)]
[You frequently scream uncontrollably at your foes.]
[You do not regenerate when monsters are visible.]
[You are very weak. (Str -4)]
[You expend magic power (3 MP) to strengthen your wands.]


Message History

Roots grasp at your talons, making movement difficult.
The gelid corrupter utters an invocation to Lugonu.
You feel weaker. x2
The ufetubus is engulfed in a cloud of scalding steam.
You block the ufetubus's attack. x2
The infernal corrupter mumbles some strange prayers to Lugonu.
Your vision blurs.
The ufetubus misses you. You block the ufetubus's attack.
The Tzitzimitl gestures at you.
The bolt of negative energy hits the Tzitzimitl.
The Tzitzimitl completely resists.
The bolt of negative energy hits the ufetubus.
The ufetubus completely resists.
The bolt of negative energy hits you! You resist.
The purple draconian stormcaller calls down the wrath of Qazlal upon you.
Qazlal smites you!
* * * LOW HITPOINT WARNING * * *
The Tzitzimitl gestures at you. The bolt of cold hits you! You resist.
You die...

...........e.▓▓▓
.......25223...▓▓
.......216.#4...▓▓
.......k6q612....▓
........y4.&6.33.▓▓
.......k.Xf6.4[§=!▓
.......XfX...1e§$§▓
.......5.X.3e.15§§▓▓
........X..D..5§@[%▓
...........5..!5§!▓▓
..... ......)5[§▓
.... ........?.▓ ...
.........▓▓ ...
.........▓ ...
...#....▓▓ ..
.......▓▓


You could see Tiry (inner flame), 3 starcursed masses, a Hell Sentinel, 2
Tzitzimimeh, a deep elf blademaster, a torturous warmonger (inner flame), a
shambling mangrove, a purple draconian stormcaller, a hell beast (inner flame),
a balrug (inner flame), a green death (inner flame), 3 demonspawn, a swamp
dragon, a deep elf sorcerer, an orange demon (inner flame), 2 smoke demons, a
ynoxinul (inner flame), a chaos spawn (inner flame), a red devil (inner flame)
and 5 ufetubi.

Vanquished Creatures
  the Royal Jelly (Slime:5)
  Mennas (Crypt:3)
  3 ancient liches
  A pandemonium lord (Zig:3)
  26 greater mummies
  Boris (Depths:5)
  Saint Roka (Orc:2)
  Margery (Crypt:3)
  6 caustic shrikes
  Jory (Tomb:2)
  Geryon (Hell)
  A profane servitor (D:4)
  2 golden dragons
  Arachne (Spider:2)
  11 bone dragons
  An electric golem (Zot:2)
  11 doom hounds
  A Hellbinder (WizLab)
  33 Tzitzimimeh
  A Hell Sentinel (Tar:4)
  Jorgrun (Spider:3)
  2 deep elf blademasters (Elf:3)
  3 tentacled monstrosities
  5 liches
  8 titans
  A quicksilver dragon (Depths:5)
  A deep elf master archer (Elf:3)
  8 death cobs
  3 ancient champions
  6 sphinxes
  16 acid blobs
  Kirke (D:15)
  Donald (Elf:3)
  11 shadow dragons
  4 nagarajas
  A draconian monk (Depths:5)
  6 storm dragons
  2 tengu reavers (Depths:2)
  10 azure jellies
  3 revenants
  Ilsuiw (Shoals:4)
  5 fire giants
  7 frost giants
  3 balrugs
  2 iron dragons
  3 draconian knights
  20 vault wardens
  A deep elf sorcerer (Elf:2)
  An emperor scorpion (shapeshifter) (Vaults:5)
  An orc warlord (Orc:1)
  4 ghost moths (Spider:4)
  A curse skull (Crypt:2)
  A caustic shrike zombie (Hell)
  6 deep elf elementalists
  An emperor scorpion (Spider:4)
  5 ghouls
  2 angels (Elf:1)
  3 cacodemons
  A draconian annihilator (Zig:7)
  A draconian stormcaller (Zot:1)
  A draconian shifter (Depths:5)
  37 reapers
  A blood saint (Zig:7)
  11 ironheart preservers
  24 stone giants
  2 war gargoyles
  13 very ugly things
  4 vampire knights
  4 deep elf demonologists
  4 bennus
  2 black draconians
  4 spark wasps
  4 deep elf annihilators
  3 red draconians
  3 purple draconians
  A white draconian (Depths:5)
  A yellow draconian (Depths:5)
  An ettin (shapeshifter) (Vaults:5)
  7 merfolk impalers
  4 death oozes (Slime:5)
  A minotaur (Lab)
  3 deep elf death magi
  4 merfolk javelineers
  2 eidola (Crypt:2)
  11 ettins
  A green death (WizLab)
  11 great orbs of eyes
  5 blizzard demons
  5 jiangshi
  2 quicksilver dragon zombies
  2 deep elf high priests
  35 mummy priests
  A crystal guardian (Crypt:3)
  2 quicksilver dragon skeletons
  13 yaktaur captains
  9 fire dragons
  3 naga warriors
  A caustic shrike simulacrum (Depths:2)
  3 rakshasas
  11 ice dragons
  31 vault guards
  3 spriggan air magi
  2 catoblepae (Lair:6)
  5 hydras
  3 hell beasts
  An alligator (Zig:6)
  3 merfolk avatars
  4 death knights
  3 ghost crabs
  5 merfolk aquamancers
  14 ogre magi
  4 anacondas
  2 alligator snapping turtles
  35 two-headed ogres
  8 centaur warriors
  27 death scarabs
  6 deep troll shamans
  7 death yaks
  23 dancing weapons
  5 naga sharpshooters
  9 deep troll earth magi
  6 tengu warriors
  7 vampire magi
  8 shock serpents
  A titan zombie (Tar:1)
  The ghost of Yakui the Spear-Bearer, a novice MfGl of Hepliaklqana (D:8)
  18 soul eaters
  An orc high priest (Orc:2)
  Nergalle (Lair:4)
  8 sun demons
  3 spriggan berserkers
  4 storm dragon zombies
  26 deep elf knights
  5 titan skeletons
  4 iron trolls
  110 skeletal warriors
  29 hell knights
  2 storm dragon skeletons
  2 golden dragon zombies
  27 shadow demons
  A shadow wraith (Vaults:4)
  A death drake (shapeshifter) (D:15)
  An unseen horror (D:13)
  11 sea snakes
  5 glowing orange brains
  4 death drakes
  7 wizards
  6 flayed ghosts
  A large abomination (Vaults:5)
  A tengu zombie (Zig:4)
  24 deep trolls
  15 deep elf archers
  Pikel (D:9)
  12 orc knights
  2 golden dragon skeletons
  An obsidian statue (Zig:8)
  12 harpies
  11 phantasmal warriors
  A lindwurm (Lair:6)
  A swamp dragon (Zig:6)
  17 necromancers
  5 anaconda skeletons
  17 wolf spiders
  7 orb spiders
  2 naga ritualists
  18 ironbrand convokers
  2 shadow dragon skeletons
  An iron dragon zombie (Tar:7)
  2 orb spiders (shapeshifter)
  A wolf spider (shapeshifter) (Depths:1)
  A tengu skeleton (Vaults:5)
  3 orc sorcerers
  2 oklob plants (Zig:6)
  24 ugly things
  4 fauns
  6 cyclopes
  4 mana vipers
  64 deep elf magi
  A fire giant zombie (Tomb:1)
  9 shining eyes
  3 wolf spider zombies
  4 elephants (Lair:6)
  2 salamanders
  3 frost giant zombies
  12 manticores
  A fire giant skeleton (Tar:7)
  7 moths of wrath
  A stone giant zombie (Tar:7)
  An iron dragon skeleton (Tar:7)
  2 frost giant skeletons
  17 vault sentinels
  8 water nymphs
  2 centaur zombies
  An ice statue (Hell)
  9 merfolk sirens
  2 shock serpent zombies
  5 guardian serpents
  5 stone giant skeletons
  5 eyes of devastation
  3 rust devils
  3 smoke demons (Hell)
  8 naga magi
  11 black mambas
  3 dire elephant skeletons
  Psyche (D:9)
  2 orange demons (WizLab)
  8 spiny frogs
  A shock serpent skeleton (Tar:7)
  5 spectral swamp worms (Tar:7)
  A kobold demonologist (WizLab)
  4 human zombies
  44 yaktaurs
  4 rime drakes
  13 tormentors
  2 demonic crawlers (Spider:3)
  2 efreet
  14 hellions
  5 komodo dragons
  44 guardian mummies
  6 ice devils
  2 tengu conjurers
  An anaconda simulacrum (Hell)
  2 hellwings (Depths:3)
  17 freezing wraiths
  8 harpy zombies
  7 trolls
  2 human skeletons
  A komodo dragon (shapeshifter) (Vaults:5)
  The ghost of Havercy the Poker, an amateur NaMo (D:4)
  A meliai (shapeshifter) (Vaults:4)
  6 red devils
  A troll (shapeshifter) (Vaults:5)
  13 polar bears (IceCv)
  12 wind drakes
  A queen bee (shapeshifter) (Vaults:1)
  29 merfolk
  2 meliai (Spider:1)
  4 hydra zombies
  A tengu simulacrum (Vaults:5)
  2 hydra skeletons
  20 jumping spiders
  2 silent spectres
  2 tyrant leeches (Zig:6)
  A queen bee (Spider:1)
  A sphinx simulacrum (Vaults:3)
  4 blink frogs (Lair:4)
  4 fire dragon zombies
  2 ice dragon zombies
  3 hornets
  9 hippogriffs
  A tyrant leech (shapeshifter) (Vaults:5)
  4 bog bodies
  2 frost giant simulacra (Hell)
  4 spriggan zombies
  A blink frog (shapeshifter) (Vaults:2)
  86 slime creatures
  9 dream sheep
  3 ettin zombies
  2 snapping turtles
  A stone giant simulacrum (Tomb:2)
  An alligator zombie (Hell)
  18 air elementals
  100 flying skulls
  An ice dragon skeleton (Tar:1)
  2 ettin skeletons (Crypt:3)
  24 shadows
  41 redbacks
  2 fire dragon skeletons
  13 tarantellas
  2 black mamba zombies
  40 yaks
  2 spriggans
  3 wyverns
  15 water elementals
  19 wraiths
  An alligator skeleton (Tar:7)
  3 vampires
  A basilisk (shapeshifter) (Depths:1)
  4 fire bats (D:10)
  A yak (shapeshifter) (Zig:10)
  12 ushabtiu
  2 ynoxinuls (WizLab)
  A dire elephant simulacrum (Hell)
  6 fire elementals
  6 humans (D:6)
  3 golden eyes (Slime:3)
  A vampire mosquito (Zig:6)
  A basilisk (Lair:2)
  A spriggan simulacrum (Depths:2)
  A steam dragon (D:10)
  6 hungry ghosts
  6 wargs
  A naga (Zig:12)
  2 spatial vortices (Tar:7)
  2 acid dragons
  A merfolk zombie (Tar:4)
  Edmund (D:5)
  16 insubstantial wisps
  2 floating eyes
  A floating eye (shapeshifter) (Depths:1)
  19 hell hounds
  A hydra simulacrum (Hell)
  6 water moccasins
  4 sky beasts
  A slave (D:9)
  7 porcupines
  51 orc warriors
  2 spiny frog zombies
  4 ice beasts
  A spiny frog skeleton (Hell)
  An ettin simulacrum (Depths:5)
  A snapping turtle zombie (Tar:2)
  2 black bears (D:9)
  An alligator simulacrum (Crypt:1)
  4 eyes of draining
  35 necrophages
  7 phantoms
  27 wolves
  8 boggarts
  33 ogres
  6 crocodiles
  6 centaurs
  3 snapping turtle skeletons
  3 manticore skeletons
  2 yaktaur zombies
  15 bullfrogs
  2 big kobolds
  2 earth elementals (Elf:1)
  A gnoll sergeant (D:10)
  3 wyvern zombies
  A draconian skeleton (Crypt:1)
  A water moccasin zombie (Crypt:2)
  2 wyvern skeletons
  7 scorpions
  17 killer bees
  A water moccasin skeleton (Crypt:2)
  32 wights
  3 howler monkeys
  2 electric eels
  6 crimson imps
  A quasit (WizLab)
  2 bullfrog zombies
  6 hounds
  27 orc priests
  3 bullfrog skeletons
  5 centaur skeletons
  2 jellies
  An iron imp (Depths:1)
  2 iguanas (D:7)
  26 orc wizards
  2 lightning spires
  11 hell rats (Hell)
  8 worker ants
  A deep dwarf skeleton (Crypt:1)
  An ogre skeleton (Lab)
  2 hound zombies
  52 mummies
  A hound skeleton (D:10)
  4 worker ant zombies
  19 adders
  13 gnolls
  A river rat (D:5)
  18 shadow imps
  A white imp (Depths:1)
  12 oozes (Sewer)
  An iguana skeleton (Crypt:2)
  An adder skeleton (D:6)
  2 adder zombies
  6 worms
  A worm (shapeshifter) (Depths:3)
  A ball lightning (D:14)
  A dart slug (D:3)
  19 leopard geckos
  132 orcs
  7 bats
  12 giant cockroaches
  10 goblins
  8 hobgoblins
  16 jackals
  17 kobolds
  5 quokkas
  5 ball pythons (Sewer)
  20 frilled lizards
  A kobold skeleton (Crypt:1)
  A kobold zombie (Crypt:2)
  2 orc skeletons
  A quokka skeleton (D:6)
  10 rats
  3 crawling corpses
  2 fire vortices (D:10)
  A plant (Depths:2)
  2 tentacles (Shoals:2)
3045 creatures vanquished.

Vanquished Creatures (collateral kills)
  Ereshkigal (Tar:7)
  3 ancient liches
  Boris (Crypt:3)
  5 greater mummies
  Bai Suzhen (Vaults:4)
  4 caustic shrikes
  2 golden dragons (Zot:2)
  6 bone dragons
  7 doom hounds
  20 Tzitzimimeh
  4 electric golems (Zot:1)
  7 tentacled monstrosities
  A deep elf blademaster (Elf:3)
  5 liches
  A quicksilver dragon (Zot:1)
  6 titans
  2 acid blobs (Slime:5)
  A kraken (Shoals:2)
  An Executioner (Tar:3)
  9 sphinxes
  2 eldritch tentacles
  2 draconian monks (Depths:5)
  3 ancient champions
  3 tengu reavers
  4 shadow dragons
  8 storm dragons
  The ghost of murphy the Fetichist, an adept HaAr of Xom (Spider:4)
  3 nagarajas
  A revenant (Tomb:1)
  An iron dragon (Depths:5)
  2 azure jellies (Slime:5)
  A draconian scorcher (Zot:2)
  4 deep elf sorcerers
  A ghost moth (Spider:4)
  6 vault wardens
  2 fire giants (Depths:5)
  2 emperor scorpions (Spider:4)
  3 draconian knights
  A draconian shifter (Zot:2)
  4 frost giants
  Louise (Spider:4)
  2 curse skulls (Crypt:1)
  17 reapers
  A draconian annihilator (Depths:5)
  7 ironheart preservers
  3 draconian stormcallers (Depths:5)
  5 war gargoyles
  4 deep elf elementalists (Elf:3)
  A blood saint (Zig:3)
  4 spriggan defenders (Depths:5)
  A bennu (Tomb:2)
  6 very ugly things
  Nessos (D:13)
  4 entropy weavers
  2 green draconians
  5 stone giants
  4 deep elf demonologists
  2 black draconians
  3 deep elf annihilators (Elf:3)
  2 yellow draconians
  5 white draconians
  A red draconian (Depths:5)
  8 spark wasps
  9 ettins
  3 merfolk impalers
  A mummy priest (Tomb:1)
  5 deep elf death magi
  4 merfolk javelineers
  2 fire dragons
  2 crystal guardians (Crypt:3)
  3 deep elf high priests
  A hydra (Lair:2)
  7 yaktaur captains
  3 ogre magi
  A naga warrior (Zig:12)
  4 ice dragons
  4 vault guards
  A quicksilver dragon skeleton (Tar:2)
  An ice dragon (shapeshifter) (Zig:10)
  A catoblepas (Lair:6)
  4 spriggan air magi
  6 rakshasas
  2 death knights (Vaults:4)
  13 death scarabs
  2 merfolk avatars
  11 dancing weapons
  2 centaur warriors
  3 deep troll shamans
  A ghost crab (Tar:7)
  A satyr (Shoals:4)
  3 deep troll earth magi
  9 two-headed ogres
  4 death yaks (Lair:6)
  Urug (Orc:1)
  A tengu warrior (Depths:3)
  2 shock serpents
  2 titan zombies
  9 hell knights
  A storm dragon zombie (Tar:4)
  2 sun demons
  8 soul eaters
  11 deep elf knights
  An iron troll (Depths:5)
  A shadow wraith (Zig:10)
  A storm dragon skeleton (Tar:4)
  3 golden dragon zombies
  8 deep trolls
  2 quicksilver dragon simulacra (Depths:5)
  49 skeletal warriors
  15 shadow demons
  4 sea snakes (Shoals:4)
  2 ghost moth zombies (Tar:2)
  2 flayed ghosts
  2 wizards
  6 ironbrand convokers
  A naga ritualist (Zig:11)
  7 deep elf archers
  An anaconda zombie (Tar:3)
  6 phantasmal warriors
  8 harpies
  A shadow dragon zombie (Tar:2)
  A tengu zombie (Depths:2)
  2 golden dragon skeletons (Tar:2)
  7 necromancers
  2 anaconda skeletons
  7 orc knights
  23 deep elf magi
  7 orb spiders
  7 manticores
  A shadow dragon skeleton (Tomb:2)
  2 iron dragon zombies
  2 frost giant zombies
  3 stone giant zombies
  11 wolf spiders
  12 ugly things
  2 cyclopes
  5 fauns
  A mana viper (Zig:11)
  3 merfolk sirens
  5 moths of wrath
  An elephant (Lair:6)
  4 fire giant skeletons
  A stone giant skeleton (Tar:4)
  A water nymph (Shoals:2)
  2 frost giant skeletons
  A dire elephant zombie (Tar:7)
  7 rust devils
  An elephant (shapeshifter) (Vaults:4)
  A molten gargoyle (Hell)
  2 centaur zombies
  A water nymph (shapeshifter) (Depths:5)
  A guardian serpent (Zig:11)
  3 naga magi
  3 vault sentinels
  6 black mambas
  An orange demon (WizLab)
  An ice statue (Depths:5)
  A spiny frog (Lair:1)
  A shock serpent skeleton (Tar:4)
  2 smoke demons (Hell)
  3 hellions
  6 spectral swamp worms (Tar:7)
  A rime drake (Lair:4)
  A white draconian zombie (Crypt:1)
  A dire elephant skeleton (Tar:1)
  9 yaktaurs
  2 spriggan zombies
  An efreet (D:14)
  An iron troll zombie (Crypt:2)
  An ice devil (Orc:1)
  5 tormentors
  A hydra zombie (Tar:5)
  The ghost of kal9871 the Digger, a novice OpEE (D:5)
  7 freezing wraiths
  2 komodo dragons
  2 tengu conjurers
  10 merfolk
  13 jumping spiders
  5 red devils
  A catoblepas skeleton (Tar:1)
  A jumping spider (shapeshifter) (Vaults:1)
  4 silent spectres
  5 guardian mummies
  A meliai (Spider:1)
  4 trolls
  6 demonic crawlers
  A polar bear (IceCv)
  9 hornets
  A wind drake (Shoals:4)
  2 ettin zombies
  2 hippogriffs
  A raiju (shapeshifter) (Vaults:4)
  2 hydra skeletons
  4 blink frogs (Lair:4)
  A fire dragon zombie (Hell)
  4 dream sheep
  A hippogriff (shapeshifter) (Vaults:5)
  8 slime creatures
  3 snapping turtles
  A deep troll zombie (Hell)
  A fire giant simulacrum (Tar:3)
  55 flying skulls
  2 ice dragon skeletons
  7 yaks
  16 shadows
  A satyr skeleton (Crypt:1)
  2 yaks (shapeshifter)
  5 air elementals
  4 spriggans (Depths:5)
  2 water elementals
  2 ettin skeletons
  3 wyverns
  8 ushabtiu
  28 redbacks
  13 tarantellas
  A spriggan (shapeshifter) (Depths:3)
  8 wraiths
  A hog (shapeshifter) (D:14)
  A fire elemental (Elf:3)
  A hog (D:15)
  2 golden eyes (shapeshifter)
  5 hungry ghosts
  A steam dragon (shapeshifter) (Vaults:2)
  A warg (Vaults:5)
  2 spiny frog zombies
  A human zombie (Hell)
  An insubstantial wisp (D:14)
  14 hell hounds
  A torturous demonspawn zombie (Crypt:2)
  2 porcupines
  A spiny frog skeleton (Tar:4)
  A merfolk skeleton (Tar:7)
  A hell hound (shapeshifter) (Depths:5)
  A phantom (Tar:5)
  15 orc warriors
  2 snapping turtle zombies
  A manticore zombie (Tar:7)
  A black mamba simulacrum (Tomb:2)
  3 ettin simulacra
  14 necrophages
  4 wolves
  A boggart (Vaults:3)
  A snapping turtle skeleton (Tar:2)
  5 ogres
  4 centaurs
  A manticore skeleton (Tar:7)
  3 crocodiles
  2 bullfrogs
  A draconian skeleton (Crypt:2)
  A hell hound zombie (Crypt:2)
  An elf skeleton (Tar:1)
  An earth elemental (Elf:3)
  2 scorpions
  8 killer bees (Spider:1)
  A water moccasin skeleton (D:8)
  20 wights
  An electric eel (Lair:5)
  3 crimson imps
  A bullfrog skeleton (D:14)
  2 centaur skeletons
  2 orc priests
  A hell rat (Hell)
  6 orc wizards
  2 worker ants
  2 ogre skeletons
  9 mummies
  An adder (D:5)
  5 shadow imps
  33 orcs
  2 jackals
  2 kobolds (D:8)
  8 fungi
  27 plants
  2 tentacles (Shoals:2)
1174 creatures vanquished.

Vanquished Creatures (others)
  the Enchantress (Depths:5)
  5 profane servitors
  8 bone dragons
  An ancient champion (Tomb:2)
  2 doom hound zombies (Tar:7)
  11 ghouls
  13 vampire knights
  A bennu (Tomb:2)
  A very ugly thing zombie (Vaults:5)
  A merfolk aquamancer (Shoals:4)
  A spectral guardian serpent (Depths:4)
  48 death scarabs
  A vampire mage (Depths:2)
  A titan zombie (Vaults:5)
  14 flayed ghosts
  21 skeletal warriors
  An entropy weaver zombie (Vaults:5)
  A shadow dragon zombie (Vaults:5)
  An ironbrand convoker (Vaults:4)
  4 ugly thing zombies
  A wolf spider zombie (Vaults:5)
  10 phantasmal warriors
  2 draconian zombies (Depths:5)
  2 death scarab zombies (Tomb:3)
  4 stone giant zombies
  A fire giant zombie (Depths:4)
  A frost giant zombie (Vaults:5)
  A naga mage (Zig:12)
  2 black mambas
  3 sea snake zombies
  A red draconian zombie (Depths:5)
  7 redback zombies
  A yellow draconian zombie (Depths:5)
  A guardian mummy (Tomb:3)
  A tormentor (Tar:5)
  An ice dragon zombie (Vaults:3)
  2 ettin zombies
  A fire dragon zombie (Depths:4)
  8 flying skulls
  12 vampires
  4 wraiths
  A wind drake zombie (Shoals:4)
  18 elf zombies
  A black mamba skeleton (Tomb:3)
  2 humans (D:15)
  4 deep troll zombies
  A faun zombie (Shoals:4)
  17 human zombies
  2 merfolk zombies
  2 two-headed ogre zombies
  2 hornet zombies
  An elephant zombie (Lair:6)
  3 dream sheep zombies (Lair:4)
  An ogre (Depths:3)
  An elf skeleton (Elf:1)
  11 yaktaur zombies
  A rime drake zombie (IceCv)
  9 hell hound zombies
  A warg zombie (Vaults:5)
  8 yak zombies
  A troll zombie (Vaults:5)
  2 spriggan zombies (Depths:5)
  2 wights (Orc:1)
  5 wolf zombies
  4 centaur zombies
  2 orc wizards (D:9)
  6 killer bee zombies (Spider:1)
  4 ogre zombies
  A necrophage skeleton (Tar:2)
  4 mummies
  An adder (D:10)
  28 orc zombies
  12 ball lightnings (D:14)
  A quokka (D:4)
  A fire vortex (D:10)
  35 plants
  3 tentacles (Shoals:2)
401 creatures vanquished.

Grand Total: 4620 creatures vanquished

Notes
Turn   | Place    | Note
-------+----------+-------------------------------------------
     0 | D:1      | Havercy the Demonspawn Gladiator began the quest for the Orb.
     0 | D:1      | Reached XP level 1. HP: 16/16 MP: 1/1
   328 | D:1      | Gained mutation: You regenerate a little health from kills. [demonic ancestry]
   328 | D:1      | Reached XP level 2. HP: 22/22 MP: 2/2
   568 | D:1      | Reached skill level 3 in Polearms
  1271 | D:2      | Reached XP level 3. HP: 26/27 MP: 3/3
  1279 | D:2      | Found a sparkling altar of Nemelex Xobeh.
  1287 | D:2      | Found a glowing silver altar of Zin.
  1828 | D:2      | Reached skill level 4 in Polearms
  1828 | D:2      | Reached XP level 4. HP: 24/34 MP: 4/4
  2413 | D:3      | Gained mutation: You are covered in fur. (AC +1) [potion of mutation]
  2413 | D:3      | Gained mutation: You passively map a small area around you. [potion of mutation]
  2413 | D:3      | Gained mutation: You are resistant to hostile enchantments. (MR+) [potion of mutation]
  2549 | D:3      | Reached skill level 1 in Armour
  2549 | D:3      | Gained mutation: You regenerate health from kills. [demonic ancestry]
  2549 | D:3      | Reached XP level 5. HP: 20/39 MP: 5/5
  3259 | D:3      | Reached skill level 5 in Polearms
  3395 | D:4      | Noticed Havercy's ghost (amateur NaMo)
  3413 | D:4      | Gained mutation: You are partially covered in rugged brown scales. (AC +1, +3% HP) [demonic ancestry]
  3413 | D:4      | Reached XP level 6. HP: 33/47 MP: 6/6
  3419 | D:5      | Entered Level 5 of the Dungeon
  3871 | D:4      | Found a glowing drain.
  3875 | Sewer    | Entered a sewer
  4211 | Sewer    | Reached skill level 6 in Polearms
  4211 | Sewer    | Reached XP level 7. HP: 53/53 MP: 7/7
  4520 | D:5      | Noticed kal9871's ghost (novice OpEE)
  4867 | D:5      | Reached skill level 7 in Polearms
  4956 | D:5      | Found a snail-covered altar of Cheibriados.
  5151 | D:6      | Reached XP level 8. HP: 60/60 MP: 8/8
  5461 | D:6      | Reached skill level 8 in Polearms
  5493 | D:6      | Reached skill level 9 in Polearms
  5870 | D:6      | Found an iron altar of Okawaru.
  6023 | D:6      | Gained mutation: A weak demonic guardian rushes to your aid. [demonic ancestry]
  6023 | D:6      | Reached XP level 9. HP: 34/67 MP: 9/9
  6285 | D:5      | Noticed Edmund
  6294 | D:5      | Killed Edmund
  6375 | D:5      | Killed kal9871's ghost
  6497 | D:5      | Found a glowing golden altar of the Shining One.
  6753 | D:5      | Got a steaming large shield
  6858 | D:5      | Found a shimmering altar of Xom.
  7106 | D:4      | Reached skill level 10 in Polearms
  7206 | D:4      | Killed Havercy's ghost
  7345 | D:4      | Found an opulent altar of Gozag.
  7346 | D:4      | Found a burning altar of Makhleb.
  7594 | D:6      | Reached skill level 5 in Fighting
  7932 | D:7      | Found a staircase to the Ecumenical Temple.
  7947 | Temple   | Entered the Ecumenical Temple
  8005 | Temple   | Became a worshipper of Yredelemnul the Dark
  8295 | D:7      | Reached skill level 11 in Polearms
  8609 | D:7      | Found a shattered altar of Ashenzari.
  9026 | D:8      | Noticed Yakui's ghost (novice MfGl)
  9031 | D:8      | Reached * piety under Yredelemnul
  9049 | D:8      | Killed Yakui's ghost
  9049 | D:8      | Gained mutation: You regenerate a lot of health from kills. [demonic ancestry]
  9049 | D:8      | Reached XP level 10. HP: 76/76 MP: 10/10
  9138 | D:8      | Found a sacrificial altar of Ru.
  9339 | D:8      | Identified the +7 large shield "Hoanyxt" {-Cast Str+6 Int+4} (You found it on level 5 of the Dungeon)
  9390 | D:8      | Found Dyjagi Deto's Antique Armour Shop.
  9398 | D:8      | Bought a shimmering ring mail for 207 gold pieces
  9408 | D:8      | Identified the +4 ring mail "Yringom" {rPois} (You bought it in a shop on level 8 of the Dungeon)
  9456 | D:8      | Reached ** piety under Yredelemnul
  9655 | D:9      | Found a staircase to the Orcish Mines.
  9671 | D:9      | Reached skill level 12 in Polearms
  9804 | D:9      | Noticed Psyche
  9836 | D:9      | Killed Psyche
  9990 | D:9      | Noticed Pikel
  9990 | D:9      | Noticed a two-headed ogre
 10005 | D:9      | Killed Pikel
 10005 | D:9      | Reached skill level 5 in Dodging
 10011 | D:9      | Killed a two-headed ogre
 10229 | D:9      | Noticed a two-headed ogre
 10237 | D:9      | Killed a two-headed ogre
 10237 | D:9      | Reached skill level 13 in Polearms
 10237 | D:9      | Reached skill level 1 in Invocations
 10237 | D:9      | Reached XP level 11. HP: 68/83 MP: 11/11
 10351 | D:10     | Entered Level 10 of the Dungeon
 10386 | D:10     | Reached *** piety under Yredelemnul
 10885 | D:10     | Noticed a two-headed ogre
 10890 | D:10     | Killed a two-headed ogre
 11238 | D:10     | Received a gift from Yredelemnul (a mummy)
 11265 | D:10     | Reached **** piety under Yredelemnul
 11282 | D:10     | Received a gift from Yredelemnul (a wight)
 11598 | Orc:1    | Entered Level 1 of the Orcish Mines
 11661 | Orc:1    | Noticed an orc knight
 11673 | Orc:1    | Noticed an orc knight
 11682 | Orc:1    | Killed an orc knight
 11685 | Orc:1    | Reached skill level 14 in Polearms
 11693 | Orc:1    | Killed an orc knight
 11779 | Orc:1    | Found a frozen archway.
 11797 | Orc:1    | Reached skill level 5 in Armour
 11808 | IceCv    | Entered an ice cave
 11909 | IceCv    | Reached ***** piety under Yredelemnul
 11946 | IceCv    | Gained mutation: You have sharp toenails. [demonic ancestry]
 11946 | IceCv    | Reached XP level 12. HP: 91/91 MP: 15/15
 11979 | IceCv    | Noticed a death yak
 11991 | IceCv    | Killed a death yak
 11991 | IceCv    | Received a gift from Yredelemnul (a wraith)
 12058 | IceCv    | Reached skill level 5 in Invocations
 12215 | IceCv    | Noticed a frost giant
 12215 | IceCv    | Noticed a death yak
 12228 | IceCv    | Reached skill level 15 in Polearms
 12239 | IceCv    | Killed a frost giant
 12249 | IceCv    | Killed a death yak
 12307 | IceCv    | Got a clouded wooden ring
 12326 | IceCv    | Identified the ring of Sotozann {+Fly rC+} (You found it in an ice cave)
 12410 | Orc:1    | Received a gift from Yredelemnul (a wight)
 12594 | Orc:1    | Noticed an orc warlord
 12634 | Orc:1    | Killed an orc warlord
 13026 | Orc:1    | Noticed Urug
 13040 | Orc:1    | Killed Urug
 13315 | D:11     | Found a staircase to the Lair.
 14011 | D:11     | Received a gift from Yredelemnul (2 flying skulls)
 14123 | D:11     | Reached XP level 13. HP: 88/100 MP: 18/18
 14200 | D:11     | Got a pair of smoking boots
 14206 | D:11     | Identified the +2 pair of boots of Valiance {rN+} (You found it on level 11 of the Dungeon)
 14401 | D:12     | Found Utoczi's Assorted Antiques.
 14571 | D:12     | Reached skill level 16 in Polearms
 14596 | D:12     | Noticed a fire dragon
 14599 | D:12     | Noticed a fire dragon
 14600 | D:12     | Found a runed door.
 14600 | D:12     | Found a runed door.
 15026 | D:13     | Found Haveaw's Armour Shoppe.
 15026 | D:13     | Noticed Nessos
 15030 | D:13     | Killed Nessos
 15062 | D:13     | Found Hoin Wieqo's Gadget Boutique.
 15066 | D:13     | Found a labyrinth entrance.
 15081 | Lab      | Entered a labyrinth
 15314 | Lab      | Received a gift from Yredelemnul (a vampire)
 15683 | Lab      | Noticed a minotaur
 15688 | Lab      | Killed a minotaur
 15692 | Lab      | Got a warped leather armour
 15818 | D:13     | Found a shimmering altar of Xom.
 15917 | D:13     | Found Uvvogh's Gadget Emporium.
 15946 | D:13     | Found Minofet's Weapon Shop.
 16028 | D:13     | Identified the +0 leather armour "Loussaor" {+Fly} (You found it in a labyrinth)
 16183 | D:14     | Received a gift from Yredelemnul (a phantasmal warrior)
 16403 | D:14     | Found a portal to a secret trove of treasure.
 16541 | D:14     | Found a gate to the Vaults.
 16554 | D:14     | Received a gift from Yredelemnul (a wraith)
 16744 | D:14     | Received a gift from Yredelemnul (a wraith)
 16745 | D:14     | Identified a scroll of acquirement
 16748 | D:14     | Got a pair of spiked boots
 16759 | D:14     | Identified the +0 pair of boots of Protective Custody {rElec rN+ Int+4} (You acquired it on level 14 of the Dungeon)
 16850 | D:14     | Learned a level 2 spell: Repel Missiles
 16870 | D:15     | Entered Level 15 of the Dungeon
 16874 | D:15     | Reached skill level 17 in Polearms
 16892 | D:15     | Noticed Kirke
 16895 | D:15     | Noticed a sphinx
 16895 | D:15     | Killed Kirke
 16951 | D:15     | Found Atwiz's Antique Armour Emporium.
 17045 | D:15     | Bought an ancient ring mail for 234 gold pieces
 17045 | D:15     | Bought a glowing cloak for 273 gold pieces
 17055 | D:15     | Identified the cursed +1 ring mail of Tomorrow {+Fly rPois Int-2 Dex+6} (You bought it in a shop on level 15 of the Dungeon)
 17121 | D:15     | Reached XP level 14. HP: 69/108 MP: 20/20
 17204 | D:15     | Received a gift from Yredelemnul (a skeletal warrior)
 17299 | D:15     | Found Emafaq's Antique Armour Shoppe.
 17307 | D:15     | Bought a glowing helmet for 231 gold pieces
 17343 | D:15     | Reached ****** piety under Yredelemnul
 17347 | D:15     | Received a gift from Yredelemnul (a skeletal warrior)
 17939 | D:15     | Found a staircase to the Depths.
 17939 | D:15     | Noticed a frost giant
 17951 | D:15     | Killed a frost giant
 18107 | D:15     | Found Daghuol's Distillery.
 18114 | D:15     | Bought a potion of heal wounds for 75 gold pieces
 18114 | D:15     | Bought a potion of heal wounds for 75 gold pieces
 18268 | Lair:1   | Entered Level 1 of the Lair of Beasts
 18330 | Lair:1   | Received a gift from Yredelemnul (5 flying skulls)
 18542 | Lair:1   | Reached skill level 18 in Polearms
 18950 | Lair:2   | Received a gift from Yredelemnul (a skeletal warrior)
 19683 | Lair:2   | Found a staircase to the Shoals.
 20066 | Lair:3   | Identified Sif Muna's Handbook of Mutagenic Protection
 20288 | Lair:3   | Found a hole to the Spider Nest.
 20608 | Lair:4   | Noticed Nergalle
 20618 | Lair:4   | Killed Nergalle
 20618 | Lair:4   | Reached skill level 10 in Invocations
 20844 | Lair:4   | Received a gift from Yredelemnul (a phantasmal warrior)
 21882 | Lair:5   | Found a viscous altar of Jiyva.
 21882 | Lair:5   | Found a staircase to the Slime Pits.
 21943 | Lair:6   | Entered Level 6 of the Lair of Beasts
 21983 | Lair:6   | Gained mutation: You have razor-sharp toenails. [demonic ancestry]
 21983 | Lair:6   | Reached XP level 15. HP: 115/115 MP: 22/22
 22233 | Lair:6   | Reached skill level 10 in Fighting
 22447 | Lair:6   | Received a gift from Yredelemnul (a skeletal warrior)
 22452 | Lair:6   | Reached skill level 19 in Polearms
 23061 | Orc:2    | Entered Level 2 of the Orcish Mines
 23116 | Orc:2    | Found a roughly hewn altar of Beogh.
 23117 | Orc:2    | Found Xuppec's Weapon Emporium.
 23200 | Orc:2    | Found a staircase to the Elven Halls.
 23232 | Orc:2    | Paralysed by an orc sorcerer for 4 turns
 23339 | Orc:2    | Found a roughly hewn altar of Beogh.
 23399 | Orc:2    | Found a roughly hewn altar of Beogh.
 23519 | Orc:2    | Received a gift from Yredelemnul (a ghoul)
 23629 | Orc:2    | Noticed Saint Roka
 23656 | Orc:2    | Killed Saint Roka
 23663 | Orc:2    | Received a gift from Yredelemnul (a vampire)
 23684 | Orc:2    | Found Wejoesk's Antique Weapon Boutique.
 23685 | Orc:2    | Found a roughly hewn altar of Beogh.
 23686 | Orc:2    | Found Oryboocy's Antique Armour Shop.
 23699 | Orc:2    | Bought the +2 hat of the Bear Spirit {Spirit, +Rage rN+ MR++} for 860 gold pieces
 23722 | Orc:2    | Bought a jewelled scale mail for 198 gold pieces
 23722 | Orc:2    | Bought a glowing cloak for 231 gold pieces
 23742 | Orc:2    | Identified the +7 scale mail of Bylov {*Slow rN++} (You bought it in a shop on level 2 of the Orcish Mines)
 23917 | Orc:2    | Received a gift from Yredelemnul (a skeletal warrior)
 23923 | Orc:2    | Found a roughly hewn altar of Beogh.
 23936 | Orc:2    | Found Cyinohen's Assorted Antiques.
 23941 | Orc:2    | Bought a pair of glowing gloves for 325 gold pieces
 24037 | Elf:1    | Entered Level 1 of the Elven Halls
 24059 | Elf:1    | Noticed an Ice Fiend
 24329 | Shoals:1 | Entered Level 1 of the Shoals
 24379 | Shoals:1 | Received a gift from Yredelemnul (a vampire knight)
 24787 | Shoals:1 | Received a gift from Yredelemnul (a ghoul)
 25351 | Shoals:2 | Received a gift from Yredelemnul (a ghoul)
 25440 | Shoals:2 | Gained mutation: You have claws for feet. [demonic ancestry]
 25440 | Shoals:2 | Reached XP level 16. HP: 124/124 MP: 24/24
 25592 | Shoals:2 | Noticed a kraken
 25606 | Shoals:2 | Killed a kraken
 25606 | Shoals:2 | Reached skill level 20 in Polearms
 25659 | Shoals:3 | Received a gift from Yredelemnul (a flayed ghost)
 26184 | Shoals:4 | Entered Level 4 of the Shoals
 26263 | Shoals:4 | Found Ciner's Antique Armour Shop.
 26265 | Shoals:4 | Received a gift from Yredelemnul (a ghoul)
 26404 | Shoals:4 | Received a gift from Yredelemnul (a vampire)
 26415 | Shoals:4 | Noticed Ilsuiw
 26436 | Shoals:4 | Killed Ilsuiw
 26846 | Shoals:4 | Received a gift from Yredelemnul (a vampire)
 27177 | Shoals:4 | Received a gift from Yredelemnul (a vampire knight)
 27219 | Shoals:4 | Got a barnacled rune of Zot
 27364 | Spider:1 | Entered Level 1 of the Spider Nest
 27461 | Spider:1 | Received a gift from Yredelemnul (a phantasmal warrior)
 27502 | Spider:1 | Received a gift from Yredelemnul (a bone dragon)
 27996 | Spider:1 | Reached XP level 17. HP: 129/133 MP: 26/26
 28168 | Spider:1 | Received a gift from Yredelemnul (a vampire knight)
 28525 | Spider:2 | Noticed Arachne
 28525 | Spider:2 | Noticed Aizul
 28534 | Spider:2 | Killed Arachne
 28539 | Spider:2 | Killed Aizul
 28539 | Spider:2 | Enslaved Aizul
 29205 | Spider:3 | Noticed Jorgrun
 29209 | Spider:3 | Received a gift from Yredelemnul (a skeletal warrior)
 29214 | Spider:3 | Killed Jorgrun
 29497 | Spider:3 | Received a gift from Yredelemnul (a vampire)
 30058 | Spider:4 | Entered Level 4 of the Spider Nest
 30124 | Spider:4 | Noticed murphy's ghost (adept HaAr)
 30138 | Spider:4 | Killed murphy's ghost
 30182 | Spider:4 | Noticed Louise
 30189 | Spider:4 | Killed Louise
 30202 | Spider:4 | Received a gift from Yredelemnul (a bone dragon)
 30215 | Spider:4 | Reached skill level 21 in Polearms
 30553 | Spider:4 | Got a translucent helmet
 30554 | Spider:4 | Identified the +3 helmet of Cyshruov {rElec rF- Stlth+} (You found it on level 4 of the Spider Nest)
 30589 | Spider:4 | Received a gift from Yredelemnul (a bone dragon)
 30791 | Spider:4 | Received a gift from Yredelemnul (a vampire)
 30967 | Spider:4 | Got a gossamer rune of Zot
 31293 | Vaults:1 | Entered Level 1 of the Vaults
 31332 | Vaults:1 | Received a gift from Yredelemnul (a vampire knight)
 31438 | Vaults:1 | Received a gift from Yredelemnul (a ghoul)
 31492 | Vaults:1 | Found a magical portal.
 31503 | WizLab   | Entered The Hall of the Hellbinder
 31652 | WizLab   | Reached XP level 18. HP: 75/147 MP: 12/28
 31735 | WizLab   | Received a gift from Yredelemnul (a vampire)
 31896 | WizLab   | Noticed Fiprump
 31899 | WizLab   | Found a burning altar of Makhleb.
 31906 | WizLab   | Killed Fiprump the Hellbinder
 31928 | WizLab   | Identified the Catalogue of the Escort
 31930 | WizLab   | Identified the Compendium of Summoning
 32242 | Vaults:1 | Received a gift from Yredelemnul (a vampire knight)
 32644 | Vaults:1 | Received a gift from Yredelemnul (a vampire)
 33363 | Vaults:2 | Reached skill level 15 in Invocations
 33387 | Vaults:2 | Received a gift from Yredelemnul (a skeletal warrior)
 33626 | Vaults:2 | Reached skill level 22 in Polearms
 33693 | Vaults:2 | Found Querrerch's Assorted Antiques.
 33983 | Vaults:2 | Received a gift from Yredelemnul (a flayed ghost)
 34418 | Vaults:3 | Received a gift from Yredelemnul (a flayed ghost)
 34515 | Vaults:3 | Paralysed by a hornet for 1 turns
 34811 | Vaults:3 | Gained mutation: A demonic guardian rushes to your aid. [demonic ancestry]
 34811 | Vaults:3 | Reached XP level 19. HP: 156/156 MP: 26/30
 35018 | Vaults:3 | Received a gift from Yredelemnul (a phantasmal warrior)
 35152 | Vaults:3 | Noticed a Brimstone Fiend
 35662 | Vaults:3 | Received a gift from Yredelemnul (a vampire)
 35702 | Vaults:3 | Found Nekoboos's Book Shop.
 35702 | Vaults:3 | Found Cauhun's Armour Shop.
 35702 | Vaults:3 | Found Atiyfocy's Food Shop.
 35839 | Vaults:3 | Found a staircase to the Crypt.
 35839 | Vaults:3 | Found a basalt altar of Yredelemnul.
 35840 | Vaults:3 | Found an ancient bone altar of Kikubaaqudgha.
 36019 | Vaults:4 | Received a gift from Yredelemnul (a flayed ghost)
 36136 | Vaults:4 | Reached skill level 15 in Fighting
 36330 | Vaults:4 | Reached skill level 23 in Polearms
 36765 | Vaults:4 | Received a gift from Yredelemnul (a vampire knight)
 36767 | Vaults:4 | Reached XP level 20. HP: 166/166 MP: 10/32
 36772 | Vaults:4 | Noticed Bai Suzhen
 36784 | Vaults:4 | Killed Bai Suzhen
 36786 | Vaults:4 | Received a gift from Yredelemnul (a skeletal warrior)
 37371 | Elf:1    | Received a gift from Yredelemnul (a profane servitor)
 37401 | Elf:1    | Reached skill level 10 in Dodging
 37407 | Elf:1    | Found a glowing golden altar of the Shining One.
 37409 | Elf:1    | Found a glowing silver altar of Zin.
 37460 | Elf:1    | Found a white marble altar of Elyvilon.
 38799 | Elf:2    | Received a gift from Yredelemnul (a vampire knight)
 38890 | Elf:2    | Found a runed gate.
 38893 | Elf:2    | Found a runed gate.
 38893 | Elf:2    | Found a runed gate.
 38949 | Elf:2    | Received a gift from Yredelemnul (a skeletal warrior)
 39294 | Elf:2    | Got an encrusted leather armour
 39295 | Elf:2    | Identified the +0 leather armour "Fucum" {-Tele MR++ Str+7} (You found it on level 2 of the Elven Halls)
 39302 | Elf:3    | Entered Level 3 of the Elven Halls
 39335 | Elf:3    | Received a gift from Yredelemnul (a vampire knight)
 39374 | Elf:3    | Noticed Donald
 39385 | Elf:3    | Killed Donald
 39460 | Elf:3    | Gained mutation: You are mostly covered in rugged brown scales. (AC +2, +5% HP) [demonic ancestry]
 39460 | Elf:3    | Reached XP level 21. HP: 111/180 MP: 13/33
 39502 | Elf:3    | Reached skill level 24 in Polearms
 39754 | Elf:3    | Received a gift from Yredelemnul (a vampire knight)
 40204 | Elf:3    | Learned a level 8 spell: Necromutation
 40205 | Elf:3    | Got a distressingly furry scale mail
 40206 | Elf:3    | Identified the +6 scale mail of Truth {*Drain rElec Str+4} (You found it on level 3 of the Elven Halls)
 40244 | Elf:3    | Got an iridescent halberd
 40245 | Elf:3    | Identified the +2 halberd of the Saviour {chop, MP+9 Int+7} (You found it on level 3 of the Elven Halls)
 40250 | Elf:3    | Got a bound bone amulet
 40251 | Elf:3    | Identified the amulet "Orao" {rN++ MR+ Regen+} (You found it on level 3 of the Elven Halls)
 40319 | Elf:3    | Got a transparent scale mail
 40330 | Elf:3    | Identified the +10 scale mail of Eloh {MR- Regen+ Str+4 Dex+6} (You found it on level 3 of the Elven Halls)
 40351 | Elf:3    | Got a faintly glowing amber ring
 40658 | D:12     | Received a gift from Yredelemnul (a skeletal warrior)
 40676 | D:12     | Identified the ring of Fallacy {Fire Str+2 Stlth+} (You took it off a deep elf blademaster on level 3 of the Elven Halls)
 40794 | Depths:1 | Entered Level 1 of the Depths
 40801 | Depths:1 | Reached skill level 1 in Shields
 41081 | Depths:1 | Reached skill level 5 in Shields
 41105 | Depths:1 | Received a gift from Yredelemnul (a vampire)
 41508 | Depths:1 | Found a gateway to Hell.
 41683 | Depths:1 | Found a one-way gate leading to the halls of Pandemonium.
 42039 | Depths:2 | Received a gift from Yredelemnul (a ghoul)
 42338 | Depths:2 | Reached skill level 10 in Shields
 42607 | Depths:2 | Gained mutation: You are completely covered in rugged brown scales. (AC +3, +7% HP) [demonic ancestry]
 42607 | Depths:2 | Reached XP level 22. HP: 180/192 MP: 33/35
 42770 | Depths:3 | Received a gift from Yredelemnul (a skeletal warrior)
 42966 | Depths:3 | Received a gift from Yredelemnul (a vampire)
 43674 | Depths:4 | Received a gift from Yredelemnul (a bone dragon)
 43726 | Depths:4 | Got a pair of ichor-stained gloves
 43737 | Depths:4 | Identified the +2 pair of gloves of Mezcal {*Corrode rElec rC+++ Dex-5} (You acquired it on level 4 of the Depths)
 43802 | Depths:4 | Noticed a caustic shrike
 43807 | Depths:4 | Killed a caustic shrike
 43871 | Depths:4 | Noticed a caustic shrike
 43871 | Depths:4 | Noticed a caustic shrike
 43872 | Depths:4 | Noticed a caustic shrike
 43875 | Depths:4 | Noticed a caustic shrike
 43881 | Depths:4 | Your ally Aizul died
 43883 | Depths:4 | Killed a caustic shrike
 43886 | Depths:4 | Killed a caustic shrike
 43886 | Depths:4 | Killed a caustic shrike
 43891 | Depths:4 | Killed a caustic shrike
 44192 | Depths:4 | Found a one-way gate to the infinite horrors of the Abyss.
 44324 | Depths:5 | Entered Level 5 of the Depths
 44397 | Depths:5 | Found a snail-covered altar of Cheibriados.
 44486 | Depths:5 | Noticed a caustic shrike
 44487 | Depths:5 | Noticed a caustic shrike
 44489 | Depths:5 | Noticed a caustic shrike
 44490 | Depths:5 | Noticed a caustic shrike
 44494 | Depths:5 | Killed a caustic shrike
 44499 | Depths:5 | Killed a caustic shrike
 44499 | Depths:5 | Killed a caustic shrike
 44499 | Depths:5 | Reached skill level 15 in Shields
 44500 | Depths:5 | Killed a caustic shrike
 44589 | Depths:5 | Found a blossoming altar of Fedhas.
 44614 | Depths:5 | Gained mutation: A powerful demonic guardian rushes to your aid. [demonic ancestry]
 44614 | Depths:5 | Reached XP level 23. HP: 199/199 MP: 19/36
 44631 | Depths:5 | Killed a caustic shrike
 44656 | Depths:5 | Noticed the Enchantress
 44662 | Depths:5 | Killed the Enchantress
 44708 | Depths:5 | Received a gift from Yredelemnul (a skeletal warrior)
 44797 | Depths:5 | Found a basalt altar of Yredelemnul.
 44797 | Depths:5 | Found a gateway to a ziggurat.
 44844 | Depths:5 | Received a gift from Yredelemnul (a phantasmal warrior)
 45042 | Depths:5 | Noticed Boris
 45043 | Depths:5 | Found a glowing golden altar of the Shining One.
 45047 | Depths:5 | Killed Boris
 45047 | Depths:5 | Received a gift from Yredelemnul (a skeletal warrior)
 45313 | Depths:5 | Found a gate to the Realm of Zot.
 45463 | Depths:5 | Got faerie dragon scales
 45464 | Depths:5 | Identified the +1 faerie dragon scales {MR- rCorr Dex+9 Slay+5} (You found it on level 5 of the Depths)
 45851 | Vaults:5 | Entered Level 5 of the Vaults
 45863 | Vaults:5 | Reached skill level 10 in Armour
 46075 | Vaults:5 | Noticed an ancient lich
 46091 | Vaults:5 | Killed an ancient lich
 46162 | Vaults:5 | Gained mutation: You resist negative energy. (rN+) [demonic ancestry]
 46162 | Vaults:5 | Reached XP level 24. HP: 208/208 MP: 28/36
 46203 | Vaults:5 | Received a gift from Yredelemnul (a bone dragon)
 46272 | Vaults:5 | Received a gift from Yredelemnul (a vampire knight)
 46364 | Vaults:5 | Received a gift from Yredelemnul (a flayed ghost)
 46378 | Vaults:5 | Noticed an ancient lich
 46395 | Vaults:5 | Killed an ancient lich
 46513 | Vaults:5 | Got a silver rune of Zot
 46622 | Vaults:5 | Received a gift from Yredelemnul (a skeletal warrior)
 46644 | Vaults:5 | Reached skill level 25 in Polearms
 46909 | Vaults:5 | Got a flickering tin ring
 46918 | Vaults:5 | Identified the ring "Lyhuew" {Int+2 SInv} (You took it off a deep elf high priest on level 5 of the Vaults)
 47007 | Vaults:5 | Identified Ravunab's Volume of the Excruciating Frostbite
 47035 | Vaults:5 | Got a pair of bloodstained gloves
 47046 | Vaults:5 | Identified the +0 pair of gloves of Kudi Hud {rCorr} (You found it on level 5 of the Vaults)
 47255 | Vaults:5 | Received a gift from Yredelemnul (a vampire knight)
 47320 | Vaults:5 | Gained mutation: You are somewhat resistant to further mutation. [potion of beneficial mutation]
 47611 | D:14     | You paid a toll of 3 potions of cure mutation to enter a treasure trove
 47612 | Trove    | Entered a treasure trove
 47629 | Trove    | Identified Sif Muna's Papyrus of Black Magic
 47659 | Trove    | Got a heavily runed iron ring
 47661 | Trove    | Got a transparent lead ring
 47663 | Trove    | Identified the ring "Lanoapre" {rElec rPois rN+ MR+} (You found it in a treasure trove)
 47665 | Trove    | Identified the ring of Equilibrium {Str+3 Int+4} (You found it in a treasure trove)
 47689 | Trove    | Gained mutation: You are somewhat able to resist unholy torments (1 in 2 success). [demonic ancestry]
 47689 | Trove    | Reached XP level 25. HP: 218/218 MP: 36/36
 47914 | D:14     | Received a gift from Yredelemnul (a flayed ghost)
 48014 | D:14     | Identified Ixucixot's Catalogue of Arcane Weapons and Evil Magic
 48018 | D:14     | Identified the Almanac of Arcane Weapons
 48154 | Crypt:1  | Entered Level 1 of the Crypt
 48185 | Crypt:1  | Received a gift from Yredelemnul (a ghoul)
 48434 | Crypt:1  | Received a gift from Yredelemnul (a bone dragon)
 48838 | Crypt:2  | Received a gift from Yredelemnul (a skeletal warrior)
 49036 | Crypt:2  | Received a gift from Yredelemnul (a bone dragon)
 49232 | Crypt:3  | Entered Level 3 of the Crypt
 49426 | Crypt:3  | Noticed Mennas
 49431 | Crypt:3  | Received a gift from Yredelemnul (a ghoul)
 49438 | Crypt:3  | Gained mutation: Your melee attacks may debilitate your foes. [demonic ancestry]
 49438 | Crypt:3  | Reached XP level 26. HP: 230/230 MP: 33/36
 49447 | Crypt:3  | Killed Mennas
 49447 | Crypt:3  | Reached skill level 26 in Polearms
 49454 | Crypt:3  | Received a gift from Yredelemnul (a vampire knight)
 49512 | Crypt:3  | Noticed an ancient lich
 49518 | Crypt:3  | Killed an ancient lich
 49521 | Crypt:3  | Noticed Boris
 49530 | Crypt:3  | Killed Boris
 49578 | Crypt:3  | Found an ancient bone altar of Kikubaaqudgha.
 49741 | Crypt:3  | Noticed Margery
 49748 | Crypt:3  | Killed Margery
 49769 | Crypt:3  | Found a staircase to the Tomb.
 49886 | Crypt:3  | Identified Cigotuvi's Guide on Black Secrets
 50169 | Tomb:1   | Entered Level 1 of the Tomb of the Ancients
 50331 | Tomb:1   | Noticed a greater mummy
 50342 | Tomb:1   | Killed a greater mummy
 50665 | Tomb:1   | Noticed a greater mummy
 50690 | Tomb:1   | Killed a greater mummy
 50757 | Tomb:1   | Noticed an ancient lich
 50761 | Tomb:1   | Killed an ancient lich
 50779 | Tomb:1   | Received a gift from Yredelemnul (a profane servitor)
 51304 | Tomb:2   | Noticed a greater mummy
 51305 | Tomb:2   | Noticed a greater mummy
 51308 | Tomb:2   | Received a gift from Yredelemnul (a phantasmal warrior)
 51312 | Tomb:2   | Noticed a greater mummy
 51547 | Tomb:2   | Noticed a greater mummy
 51578 | Tomb:1   | Killed a greater mummy
 51578 | Tomb:1   | Received a gift from Yredelemnul (a flayed ghost)
 51956 | Tomb:1   | Killed a greater mummy
 52067 | Tomb:1   | Killed a greater mummy
 52202 | Tomb:1   | Killed a greater mummy
 52511 | Tomb:2   | Received a gift from Yredelemnul (a flayed ghost)
 52839 | Tomb:2   | Lost mutation: You are covered in fur. (AC +1) [a Zot trap]
 52864 | Tomb:1   | Noticed a greater mummy
 52864 | Tomb:1   | Noticed a greater mummy
 52873 | Tomb:1   | Noticed a greater mummy
 52875 | Tomb:1   | Killed a greater mummy
 52875 | Tomb:1   | Reached skill level 1 in Necromancy
 53091 | Tomb:2   | Killed a greater mummy
 53277 | Tomb:2   | Killed a greater mummy
 53620 | Tomb:1   | Noticed a greater mummy
 53639 | Tomb:1   | Killed a greater mummy
 53639 | Tomb:1   | Reached XP level 27. HP: 161/240 MP: 24/36
 53771 | Tomb:1   | Noticed a greater mummy
 53787 | Tomb:1   | Killed a greater mummy
 53841 | Tomb:1   | Noticed a greater mummy
 53856 | Tomb:1   | Killed a greater mummy
 53913 | Tomb:1   | Noticed a greater mummy
 53915 | Tomb:1   | Noticed a greater mummy
 53923 | Tomb:1   | Killed a greater mummy
 53931 | Tomb:1   | Killed a greater mummy
 53932 | Tomb:1   | Noticed a greater mummy
 53947 | Tomb:1   | Killed a greater mummy
 54246 | Tomb:1   | Noticed a greater mummy
 54254 | Tomb:1   | Noticed a greater mummy
 54516 | Tomb:1   | Killed a greater mummy
 54516 | Tomb:1   | Reached skill level 5 in Necromancy
 54654 | Tomb:1   | Noticed a greater mummy
 54662 | Tomb:1   | Noticed a greater mummy
 54664 | Tomb:1   | Killed a greater mummy
 54665 | Tomb:1   | Noticed a greater mummy
 54671 | Tomb:1   | Noticed a greater mummy
 54678 | Tomb:1   | Killed a greater mummy
 54684 | Tomb:1   | Killed a greater mummy
 55020 | Tomb:1   | Killed a greater mummy
 55042 | Tomb:1   | Noticed a greater mummy
 55047 | Tomb:1   | Noticed a greater mummy
 55056 | Tomb:1   | Killed a greater mummy
 55056 | Tomb:1   | Reached skill level 1 in Spellcasting
 55056 | Tomb:1   | Reached skill level 1 in Transmutations
 55067 | Tomb:1   | Killed a greater mummy
 55149 | Tomb:1   | Killed a greater mummy
 55898 | Tomb:3   | Entered Level 3 of the Tomb of the Ancients
 56164 | Tomb:3   | Received a gift from Yredelemnul (a profane servitor)
 56165 | Tomb:3   | Noticed Jory
 56170 | Tomb:3   | Noticed an ancient lich
 56641 | Tomb:3   | Noticed a greater mummy
 56654 | Tomb:2   | Killed Jory
 56669 | Tomb:2   | Received a gift from Yredelemnul (a bone dragon)
 56697 | Tomb:2   | Killed an ancient lich
 56715 | Tomb:2   | Killed a greater mummy
 56861 | Tomb:3   | Received a gift from Yredelemnul (a ghoul)
 56865 | Tomb:3   | Noticed a greater mummy
 56866 | Tomb:3   | Noticed a greater mummy
 56972 | Tomb:2   | Killed a greater mummy
 56982 | Tomb:2   | Killed a greater mummy
 57271 | Tomb:3   | Got an ichor-stained ring mail
 57272 | Tomb:3   | Identified the cursed +1 ring mail "Warit" {rF- rC- rN+++ Slay+4} (You found it on level 3 of the Tomb of the Ancients)
 57303 | Tomb:3   | Learned a level 8 spell: Controlled Blink
 57457 | Tomb:3   | Noticed a greater mummy
 57664 | Tomb:3   | Noticed a greater mummy
 57665 | Tomb:3   | Received a gift from Yredelemnul (a skeletal warrior)
 57679 | Tomb:3   | Killed a greater mummy
 57715 | Tomb:3   | Noticed a greater mummy
 57726 | Tomb:3   | Killed a greater mummy
 57894 | Tomb:3   | Noticed a greater mummy
 57910 | Tomb:3   | Killed a greater mummy
 58021 | Tomb:3   | Received a gift from Yredelemnul (a skeletal warrior)
 58030 | Tomb:3   | Noticed a greater mummy
 58052 | Tomb:3   | Killed a greater mummy
 58211 | Tomb:3   | Killed a greater mummy
 58407 | Tomb:3   | Received a gift from Yredelemnul (a profane servitor)
 58421 | Tomb:3   | Got a golden rune of Zot
 58878 | Tomb:1   | Lost intelligence.
 58979 | Tomb:1   | Reached skill level 5 in Transmutations
 58983 | Tomb:1   | Received a gift from Yredelemnul (a vampire)
 59451 | Zot:1    | Entered Level 1 of the Realm of Zot
 59520 | Zot:1    | Received a gift from Yredelemnul (a skeletal warrior)
 59709 | Zot:1    | Reached skill level 5 in Spellcasting
 60345 | Zot:1    | Received a gift from Yredelemnul (a bone dragon)
 60595 | Zot:1    | Received a gift from Yredelemnul (a skeletal warrior)
 60602 | Zot:1    | Reached skill level 15 in Dodging
 60615 | Zot:1    | Learned a level 9 spell: Tornado
 60622 | Zot:1    | Learned a level 6 spell: Deflect Missiles
 60888 | Zot:2    | Reached skill level 1 in Charms
 60903 | Zot:2    | Got a diamond-encrusted chain mail
 60904 | Zot:2    | Identified the +6 chain mail of Freedom {rN+ Int-2 Dex+8 Stlth+} (You found it on level 2 of the Realm of Zot)
 61102 | Zot:2    | Received a gift from Yredelemnul (a flayed ghost)
 61438 | Hell     | Entered the Vestibule of Hell
 61438 | Hell     | Noticed Geryon
 61452 | Hell     | Killed Geryon
 61530 | Hell     | Found a gateway to the freezing wastes of Cocytus.
 61553 | Hell     | Received a gift from Yredelemnul (a profane servitor)
 61779 | Hell     | Found a gateway to the decaying netherworld of Tartarus.
 61865 | Hell     | Received a gift from Yredelemnul (a bone dragon)
 61896 | Hell     | Found a gateway to the ashen valley of Gehenna.
 62026 | Hell     | Received a gift from Yredelemnul (a phantasmal warrior)
 62087 | Hell     | Found a gateway to the Iron City of Dis.
 62392 | Tar:1    | Entered Level 1 of Tartarus
 62423 | Tar:1    | Received a gift from Yredelemnul (a profane servitor)
 62445 | Tar:1    | Reached skill level 10 in Necromancy
 62554 | Tar:1    | Reached skill level 5 in Charms
 62560 | Tar:1    | Received a gift from Yredelemnul (a phantasmal warrior)
 62646 | Tar:1    | Received a gift from Yredelemnul (a vampire knight)
 62906 | Tar:1    | Reached skill level 15 in Armour
 63401 | Tar:1    | Received a gift from Yredelemnul (a flayed ghost)
 63569 | Tar:2    | Received a gift from Yredelemnul (a ghoul)
 63634 | Tar:2    | Received a gift from Yredelemnul (a phantasmal warrior)
 64026 | Tar:2    | Received a gift from Yredelemnul (a skeletal warrior)
 64156 | Tar:2    | Received a gift from Yredelemnul (a vampire)
 64519 | Tar:2    | Received a gift from Yredelemnul (a skeletal warrior)
 64963 | Tar:2    | Received a gift from Yredelemnul (a skeletal warrior)
 66305 | Tar:4    | Received a gift from Yredelemnul (a skeletal warrior)
 66381 | Tar:4    | Gained mutation: [Your body sometimes deteriorates upon taking damage.] [mutagenic glow]
 66676 | Tar:4    | Received a gift from Yredelemnul (a ghoul)
 66846 | Tar:4    | Reached skill level 10 in Charms
 67318 | Tar:4    | Received a gift from Yredelemnul (a phantasmal warrior)
 67807 | Tar:5    | Received a gift from Yredelemnul (a flayed ghost)
 67824 | Tar:5    | Noticed an ancient lich
 67842 | Tar:5    | Killed an ancient lich
 68124 | Tar:5    | Received a gift from Yredelemnul (a vampire knight)
 68529 | Tar:5    | Received a gift from Yredelemnul (a flayed ghost)
 68744 | Tar:5    | Received a gift from Yredelemnul (a flayed ghost)
 69118 | Tar:6    | Received a gift from Yredelemnul (a flayed ghost)
 69323 | Tar:7    | Entered Level 7 of Tartarus
 69616 | Tar:7    | Reached skill level 10 in Spellcasting
 69616 | Tar:7    | Reached skill level 10 in Transmutations
 69621 | Tar:7    | Received a gift from Yredelemnul (a skeletal warrior)
 69990 | Tar:7    | Received a gift from Yredelemnul (a flayed ghost)
 70349 | Tar:7    | Received a gift from Yredelemnul (a ghoul)
 70411 | Tar:7    | Identified the Tome of the Volcanoes and Dark Arts
 70454 | Tar:7    | Gained mutation: [Your magical capacity is low. (-10% MP)] [mutagenic glow]
 70490 | Tar:7    | Gained mutation: You are clumsy. (Dex -2) [mutagenic glow]
 70906 | Tar:7    | Noticed Ereshkigal
 70930 | Tar:7    | Killed Ereshkigal
 71001 | Tar:7    | Got a bone rune of Zot
 71096 | Tar:7    | Received a gift from Yredelemnul (a ghoul)
 71406 | Tar:7    | Received a gift from Yredelemnul (a phantasmal warrior)
 71587 | Tar:7    | Received a gift from Yredelemnul (a vampire knight)
 72219 | Tar:7    | Received a gift from Yredelemnul (a phantasmal warrior)
 72372 | Depths:4 | Reached skill level 15 in Necromancy
 72777 | D:4      | Fell from the grace of Yredelemnul
 72777 | D:4      | Became a worshipper of Makhleb the Destroyer
 73051 | Slime:1  | Entered Level 1 of the Pits of Slime
 73218 | Slime:2  | Gained mutation: Potions and wands are less effective at restoring your health. [a shining eye]
 73224 | Slime:2  | Reached * piety under Makhleb
 73554 | Slime:3  | Gained mutation: [Your body often deteriorates upon taking damage.] [a shining eye]
 74045 | Slime:4  | Reached ** piety under Makhleb
 74282 | Slime:5  | Entered Level 5 of the Pits of Slime
 74488 | Slime:5  | Noticed the Royal Jelly
 74549 | Slime:5  | Killed the Royal Jelly
 74584 | Slime:5  | Gained mutation: [You expend magic power (3 MP) to strengthen your wands.] [a shining eye]
 74592 | Slime:5  | Gained mutation: You tend to lose your temper in combat. [a shining eye]
 74612 | Slime:5  | Identified Sif Muna's Tome of Aid
 74617 | Slime:5  | Learned a level 2 spell: Song of Slaying
 74626 | Slime:5  | Got a slimy rune of Zot
 74720 | Slime:5  | Got a bound lead amulet
 74721 | Slime:5  | Identified the amulet of Septec {Inacc Int+3} (You found it on level 5 of the Pits of Slime)
 75020 | Slime:5  | Reached *** piety under Makhleb
 75096 | Slime:5  | Gained mutation: [Scrolls take you a little longer to read.] [a shining eye]
 76154 | D:13     | Bought a disc of storms for 220 gold pieces
 76400 | Zig:1    | Entered Level 1 of a ziggurat
 76428 | Zig:2    | Entered Level 2 of a ziggurat
 76485 | Zig:2    | Learned a level 9 spell: Shatter
 76489 | Zig:3    | Entered Level 3 of a ziggurat
 76489 | Zig:3    | Noticed Guavyapei the pandemonium lord
 76517 | Zig:3    | Killed Guavyapei the pandemonium lord
 76702 | Zig:4    | Entered Level 4 of a ziggurat
 76741 | Zig:4    | Learned a level 8 spell: Discord
 76754 | Zig:5    | Entered Level 5 of a ziggurat
 76795 | Zig:5    | Lost mutation: You tend to lose your temper in combat. [potion of cure mutation]
 76795 | Zig:5    | Lost mutation: You passively map a small area around you. [potion of cure mutation]
 76795 | Zig:5    | Lost mutation: [Scrolls take you a little longer to read.] [potion of cure mutation]
 76795 | Zig:5    | Lost mutation: [Your magical capacity is low. (-10% MP)] [potion of cure mutation]
 76796 | Zig:5    | Lost mutation: You are somewhat resistant to further mutation. [potion of cure mutation]
 76796 | Zig:5    | Lost mutation: [You expend magic power (3 MP) to strengthen your wands.] [potion of cure mutation]
 76796 | Zig:5    | Lost mutation: [Your body often deteriorates upon taking damage.] [potion of cure mutation]
 76796 | Zig:5    | Lost mutation: [Your body sometimes deteriorates upon taking damage.] [potion of cure mutation]
 76797 | Zig:5    | Lost mutation: You are clumsy. (Dex -2) [potion of cure mutation]
 76797 | Zig:5    | Lost mutation: You are resistant to hostile enchantments. (MR+) [potion of cure mutation]
 76798 | Zig:5    | Lost mutation: Potions and wands are less effective at restoring your health. [potion of cure mutation]
 76800 | Zig:6    | Entered Level 6 of a ziggurat
 76874 | Zig:7    | Entered Level 7 of a ziggurat
 76918 | Zig:7    | Reached **** piety under Makhleb
 76955 | Zig:7    | Got a vibrating glass ring
 76958 | Zig:7    | Identified the ring of Zyhuin {Ice *Drain rPois MP+9 Str+6} (You found it on level 7 of a ziggurat)
 76986 | Zig:8    | Entered Level 8 of a ziggurat
 77240 | Zig:9    | Entered Level 9 of a ziggurat
 77348 | Zig:10   | Entered Level 10 of a ziggurat
 77365 | Zig:10   | Reached ***** piety under Makhleb
 77397 | Zig:10   | Was forgiven by Yredelemnul
 77450 | Zig:10   | Got a transparent pewter ring
 77452 | Zig:10   | Identified the ring "Tonankec" {Ice Dex+3} (You found it on level 10 of a ziggurat)
 77537 | Zig:11   | Entered Level 11 of a ziggurat
 77623 | Zig:11   | Identified the Tome of Articulation
 77628 | Zig:11   | Got a bound platinum ring
 77630 | Zig:11   | Identified the ring "Attirid" {*Corrode rC+ Dex+4} (You found it on level 11 of a ziggurat)
 77633 | Zig:11   | Identified Jigaqaigh's Reference Book on Mutagenic Snow
 77697 | Zig:12   | Entered Level 12 of a ziggurat
 77800 | Zig:12   | Got a slimy trident
 77801 | Zig:12   | Identified the +3 trident of Nehyod {venom, +Rage MR+} (You found it on level 12 of a ziggurat)
 77806 | Zig:12   | Got a heavy robe
 77807 | Zig:12   | Identified the +2 robe of Eternal Vigilance {rN+++ Str-5 Dex-2 Slay+5} (You found it on level 12 of a ziggurat)
 77816 | Zig:13   | Entered Level 13 of a ziggurat
 77835 | Zig:13   | Noticed Tiry the pandemonium lord
 77849 | Zig:13   | HP: 4/175 [purple draconian stormcaller/divine providence[a gelid corrupter] (13)]
 77849 | Zig:13   | Killed from afar by a Tzitzimitl

Vault maps used:
D:1:      minmay_arrival_split_and_join, hex_intersection, minmay_pentomino_r2
D:2:      zin_academy, overflow_temple_1_default, first_bread
D:4:      gammafunk_temple_overflow_statue, gup_sewer_entry_bowl,
          grunt_ministairs_3, minivault_1
D:5:      marbit_many_paths, kennysheep_mini, old_standard_altar,
          kennysheep_generic_room_15, uniq_edmund
D:6:      minmay_klotski, basic_altar, minmay_ruffians
D:7:      nicolae_ashenzari_panopticon
D:8:      serial_shops, shop, nicolae_ru_the_path_less_chosen
D:9:      david_orc_3, uniq_psyche, uniq_pikel
D:10:     the_bakery, hangedman_incinerator
D:11:     wad_lake_hut, lair_entry_dummy
D:12:     serial_shops, shop, minmay_guarded_unrand_resistance
D:13:     lab_entry_generic, serial_shops, kennysheep_little_box, shop,
          nicolae_shop_waterfront, shop, minmay_ruined_shrine, uniq_nessos
D:14:     lightli_vaults_fourway_checkpoint, nicolae_trove_entry_crossroad,
          minmay_parallelograms, aerie_lemuel
D:15:     grunt_enter_depths_snipers, serial_shops, nicolae_shop_waterfront,
          shop, shop, minmay_misc_feat_alley, uniq_kirke
Temple:   dshaligram_water_room_temple
Lair:2:   shoals_dummy_entry, lemuel_fruit_tree, grunt_megastairs_2
Lair:3:   spider_nest_entry_a, st_stairs_13
Lair:4:   uniq_nergalle
Lair:5:   dpeg_slime_entry_enclosed_altar, serial_bayou_shore_a,
          infiniplex_staircase_pool
Lair:6:   evilmike_catoblepas_cave
Shoals:4: shoals_end_grunt_ice, shoal_ilsuiw, serial_shops,
          nicolae_shop_behind_doors, nicolae_shoals_undead_eyrie
Spider:1: special_room
Spider:2: uniq_arachne, uniq_aizul
Spider:3: uniq_jorgrun
Spider:4: spider_rune_water, nicolae_spider_nook, uniq_louise
Orc:1:    nicolae_orc_accident_1, portal_ice_cave_demonic_guard, uniq_urug
Orc:2:    grunt_orc_community_town_hall, grunt_orc_community_big_house_2,
          grunt_orc_community_big_house_1, grunt_orc_community_house_2,
          grunt_orc_community_house_1, grunt_orc_community_house_3,
          grunt_orc_community_house_1, grunt_orc_community_house_3
Elf:1:    portal_desolation_entry_holy_temple
Elf:2:    spider_trap
Elf:3:    minmay_elf_hall_statues, basic_stair_grate_trap, uniq_donald
Vaults:1: nicolae_vaults_network_star, vaults_dpeg_cross,
          nicolae_vaults_puzzle_piece, nicolae_vaults_asterisk,
          ontoclasm_vaults_spin, serial_ice_g, nicolae_vaults_little_squares_4,
          mu_enter_wizlab_5
Vaults:2: ontoclasm_vaults_shuriken, nicolae_vaults_know_your_exits,
          grunt_vaults_twisty, hangedman_vaults_nodes, vaults_room_semicircle,
          hangedman_vaults_stretched_pinwheel, v_misc_17, ontoclasm_vaults_eye,
          ontoclasm_vaults_bender, ontoclasm_vaults_gateway,
          nicolae_vaults_little_squares_2, nicolae_vaults_mini_display_case,
          serial_shops, shop
Vaults:3: hangedman_vaults_hard_town_square, minmay_crypt_entry_necro_gods,
          vaults_mumra_chevron_long, v_misc_16, v_rooms_6,
          dpeg_vaults_monster_box, vaults_mumra_chevron,
          hangedman_vaults_stagger, vaults_mumra_minichess,
          ontoclasm_vaults_ring_small, v_misc_30, grunt_vaults_funnel
Vaults:4: v_misc_29, vaults_standard_mumra_lines, vaults_room_fours,
          nicolae_vaults_border_crossing, v_alt_pattern_4,
          hangedman_vaults_river_flow, dpeg_vaults_monster_row, uniq_bai_suzhen
Crypt:1:  item_on_display_a, grunt_megastairs_4
Crypt:3:  cryptofortress_bobbens, uniq_mennas, uniq_boris, uniq_margery
Tomb:3:   uniq_jory
Depths:1: grunt_hell_entry_dis_grunt, minmay_misc_feat_nine_boxes,
          grunt_pan_entry_in_and_out, kennysheep_boxes, firewood_loft,
          grunt_megastairs_3
Depths:2: minmay_glassy_protrusions, minmay_door_square, grunt_mini_vestibule,
          abandoned_shop
Depths:3: minmay_bloctagon, hellmouth_1, pan_entry, hangedman_decor_slide_cut,
          minmay_fountain_box
Depths:4: minmay_isolated_rectangles_in_corner, infiniplex_staircase_pillars_3a,
          abyss_entry_small_statue_room, hell_entry, hangedman_decor_growths
Depths:5: grunt_profane_halls, pan_entry, hell_entry, uniq_boris,
          uniq_enchantress
Tar:1:    grunt_megastairs_1
Tar:6:    hangedman_tartarus_silent_blood_keep
Tar:7:    tar_minmay_river
Zot:1:    minmay_elemental_castle, amethyst_zot_foddershock
Zig:6:    ziggurat_pillar_centre_oklobs
Zig:11:   ziggurat_pillar_centre_smoke
Lab:      nicolae_lab_quarters, nicolae_lab_plus, lab_statue,
          nicolae_lab_garden, nicolae_lab_starburst, nicolae_lab_flowing_pool,
          nicolae_lab_x, labyrinth_skeletal_remains, nicolae_lab_arrow
Trove:    trove_garden
Sewer:    sewer_frog_island_02
IceCv:    ice_cave_caverns_03
WizLab:   wizlab_demon

Skill      XL: |  1  2  3  4  5  6  7  8  9 10 11 12 13 14 15 16 17 18 19 20 21 22 23 24 25 26 27 |
---------------+----------------------------------------------------------------------------------+-----
Throwing       | 2 |  2.0
Polearms       | 3 4 5 6 7 9 11 13 14 15 17 18 19 20 21 22 23 24 25 26 | 26.9
Armour         | 1 2 3 4 5 6 7 8 9 10 11 15 | 15.3
Dodging        | 3 4 5 6 7 8 9 10 11 12 16 | 16.7
Fighting       | 3 4 5 6 8 9 10 12 13 14 15 16 17 18 19 21 | 21.1
Invocations    | 1 4 7 8 10 11 13 14 15 16 17 18 | 18.8
Shields        | 10 15 16 19 | 19.8
Necromancy     | 2 17 | 17.0
Spellcasting   | 14 | 14.0
Transmutations | 14 | 14.3
Charms         | 14 | 14.6
Evocations     | |  0.2

Action                   |  1- 3 |  4- 6 |  7- 9 | 10-12 | 13-15 | 16-18 | 19-21 | 22-24 | 25-27 || total
-------------------------+-------+-------+-------+-------+-------+-------+-------+-------+-------++-------
Melee: Trident           |    96 |   136 |       |       |       |       |       |       |       ||   232
       Halberd           |       |   253 |   583 |   793 |       |       |       |       |       ||  1629
       Kick              |       |       |       |    74 |       |   440 |   468 |   393 |  2658 ||  4033
       Glaive            |       |       |       |    55 |   982 |  1257 |  1341 |   561 |  1534 ||  5730
       Demon trident     |       |       |       |       |       |       |       |   438 |  4765 ||  5203
 Cast: Repel Missiles    |       |       |       |       |       |       |       |       |    10 ||    10
Invok: Animate Dead      |       |       |       |    15 |    24 |    31 |    14 |    20 |    10 ||   114
       Recall Undead Sla |       |       |       |     3 |     2 |     5 |     1 |     5 |     2 ||    18
       Drain Life        |       |       |       |     2 |     1 |     2 |     4 |     2 |       ||    11
       Enslave Soul      |       |       |       |       |       |     1 |       |       |       ||     1
       Injury Mirror     |       |       |       |       |       |       |       |       |     3 ||     3
 Abil: Evoke Flight      |       |       |       |       |       |     4 |       |       |       ||     4
Evoke: Wand              |       |       |     5 |     1 |     2 |       |       |       |       ||     8
       Phantom mirror    |       |       |       |       |     1 |       |       |     2 |     1 ||     4
       Lamp of fire      |       |       |       |       |       |       |       |     1 |     3 ||     4
  Use: Scroll            |       |     8 |    16 |     8 |    10 |    21 |     8 |    14 |    27 ||   112
       Potion            |       |     6 |     1 |     5 |     2 |     9 |     2 |     8 |    38 ||    71
 Stab: Sleeping          |     2 |       |     1 |       |     7 |     2 |     7 |       |       ||    19
       Distracted        |     1 |       |     3 |     5 |    21 |    35 |    34 |    49 |   129 ||   277
       Confused          |       |       |       |       |     1 |       |     3 |       |       ||     4
       Invisible         |       |       |       |       |     7 |    12 |       |       |     2 ||    21
       Paralysed         |       |       |       |       |     2 |     1 |     1 |     2 |     3 ||     9
       Held in net/web   |       |       |       |       |       |     2 |       |       |       ||     2
       Petrifying        |       |       |       |       |       |       |       |       |     2 ||     2
  Eat: Chunk             |     2 |     8 |    13 |       |    14 |     1 |       |     3 |       ||    41
       Beef jerky        |       |     1 |     1 |     1 |     3 |     1 |     3 |     3 |     1 ||    14
       Fruit             |       |       |     1 |       |     1 |       |       |     1 |       ||     3
       Royal jelly       |       |       |     1 |       |       |     2 |       |     2 |     2 ||     7
       Bread ration      |       |       |       |     4 |       |     1 |       |     2 |    14 ||    21
       Meat ration       |       |       |       |     1 |     5 |     6 |     6 |     3 |     7 ||    28
       Pizza             |       |       |       |     2 |       |     1 |       |     1 |     3 ||     7
Armor: Leather armour    |    11 |   109 |    38 |       |       |       |       |       |       ||   158
       Ring mail         |       |       |    26 |   226 |   218 |   340 |   170 |       |       ||   980
       Plate armour      |       |       |    55 |       |       |       |       |       |       ||    55
       Chain mail        |       |       |    50 |    24 |       |       |       |       |       ||    74
       Scale mail        |       |       |       |       |       |       |   121 |   257 |  1554 ||  1932
Dodge: Dodged            |    39 |   451 |   315 |   543 |   377 |   854 |   697 |   452 |  3547 ||  7275
       Deflected         |       |       |       |       |       |       |       |       |    21 ||    21
Block: Shield            |       |       |       |       |       |       |       |   148 |  2706 ||  2854
